AoeStats
← NuMa | Gacha

Arena

505039575Analyzed
2v2 RM · 26d ago on Sep 7, 2026· 63m 12s· 4 players
Game mode
Random Map
Map size
Medium (4 player)
Population
200
Speed
Normal
Resources
Standard
Victory
Conquest
Starting age
Dark Age
Ending age
Imperial Age
RankedLock teamsTeams togetherTeam positionsShared explorationLock speedFull tech treeHidden civsTurbo modeCheats
Victory
Defeat
🇮🇳 Lithuanians · India
1145
+14
🇮🇳 Huns · India
1128
+14
🇳🇱 Inca · Netherlands
1097
-14
🇨🇴 Italians · Colombia
1085
-14
defmester
12:02 Feudal Age
10:19 Loom
15:46 Castle Age
13:31 Loom
14:39 Horse Collar
30:30 Imperial Age
29:36 Double-Bit Axe
30:53 Forging
30:44 Scale Mail Armor
32:48 Wheelbarrow
32:18 Heavy Plow
37:36 Iron Casting
37:17 Chain Mail Armor
39:34 Blast Furnace
39:26 Squires
39:11 Arson
38:49 Champi Runner
40:06 Champi Warrior
41:55 Plate Mail Armor
41:15 Elite Champi Warrior
46:52 Fabric Shields
55:04 Bow Saw
54:48 Fletching
54:59 Padded Archer Armor
54:30 Crossbowman
55:16 Thumb Ring
55:33 Gold Mining
55:16 Arbalester
55:53 Bodkin Arrow
58:01 Ballistics
58:42 Chemistry
58:30 Crop Rotation
NuMa | Gacha
10:55 Feudal Age
15:15 Castle Age
13:38 Stone Mining
14:26 Double-Bit Axe
19:01 Scale Barding Armor
19:08 Loom
21:43 Gold Mining
22:08 Town Watch
27:29 Fletching
27:41 Padded Archer Armor
28:26 Wheelbarrow
31:36 Imperial Age
30:11 Bodkin Arrow
30:32 Leather Archer Armor
30:52 Light Cavalry
31:43 Bloodlines
32:42 Conscription
32:32 Bracer
34:45 Forging
37:06 Chemistry
36:26 Ballistics
38:42 Hand Cart
39:12 Chain Barding Armor
41:32 Ring Archer Armor
41:38 Iron Casting
41:50 Hussar
43:17 Plate Barding Armor
44:05 Horse Collar
45:45 Bow Saw
62:41 Elite Skirmisher
Aaaaaaah Do
10:15 Feudal Age
11:53 Loom
14:35 Castle Age
14:35 Double-Bit Axe
14:31 Horse Collar
22:17 Scale Barding Armor
29:17 Bow Saw
29:09 Heavy Plow
32:02 Wheelbarrow
35:18 Imperial Age
34:32 Ballistics
42:19 Stone Mining
56:02 Conscription
56:02 Gold Mining
58:49 Forging
59:22 Husbandry
59:32 Bloodlines
60:53 Marauders
Lurker
10:33 Feudal Age
12:19 Loom
14:44 Castle Age
13:21 Double-Bit Axe
13:31 Horse Collar
16:33 Loom
29:32 Imperial Age
27:38 Wheelbarrow
27:10 Heavy Plow
27:21 Bow Saw
27:56 Fletching
28:06 Padded Archer Armor
28:52 Hand Cart
29:38 Elite Skirmisher
30:18 Bodkin Arrow
30:38 Leather Archer Armor
30:28 Tower Shields
30:48 Conscription
30:28 Gold Mining
32:03 Stone Mining
33:24 Ballistics
34:06 Chemistry
32:55 Town Watch
33:40 Thumb Ring
34:38 Bracer
35:08 Ring Archer Armor
34:40 Pikeman
35:20 Squires
35:27 Halberdier
37:51 Scale Mail Armor
38:01 Forging
37:58 Town Patrol
41:01 Two-Man Saw
40:46 Chain Mail Armor
41:06 Iron Casting
52:57 Elite Leitis
55:13 Fortified Wall
59:40 Crop Rotation
60:34 Bloodlines
60:24 Husbandry
60:34 Scale Barding Armor
62:41 Chain Barding Armor
Connection lost

Rejoining the realm…

Still unreachable

The connection could not be restored.

Session expired

The server has moved on; the page needs a fresh start.